 Dungeon Crawl Stone Soup version 0.31.0-32-g396128a36d (webtiles) character file.

Game seed: 14504894928116038527

19891 TacoSundae the Grappler (level 12, -3/62 HPs)
             Began as a Vine Stalker Shapeshifter on Apr 8, 2024.
             Was an Elder of Makhleb.
             Slain by a six-headed hydra (7 damage)
             ... on level 3 of the Lair of Beasts on Apr 9, 2024.
             The game lasted 00:43:43 (11449 turns).

TacoSundae the Grappler (VSSh)                     Turns: 11449, Time: 00:43:43

Health: -3/62      AC:  6    Str: 22    XL:     12   Next: 73%
Magic:  0/18       EV: 13    Int: 10    God:    Makhleb [****..]
Gold:   563        SH:  0    Dex: 14    Spells: 11/11 levels left

rFire   . .          .
                       - Unarmed
rCold   . . .        (shield currently unavailable)
rNeg    + . .        G - +0 swamp dragon scales
rPois   +            O - +2 hat {SInv}
rElec   .            t - +1 cloak
rCorr   .            (gloves currently unavailable)
SInv    +            w - +0 pair of boots
Will    +....        (no amulet)
Stlth   +            k - ring of positive energy
HPRegen 1.10/turn    a - ring of see invisible
MPRegen 0.16/turn

%: guardian spirit
@: blade hands
A: fangs 3, regeneration 1, magic shield, antimagic bite, no potion heal 2
a: Begin Untransformation, Renounce Religion, Minor Destruction, Lesser Servant
of Makhleb, Major Destruction


You were on level 3 of the Lair of Beasts.
You worshipped Makhleb.
Makhleb was greatly pleased with you.
You had blades for hands.
You visited 2 branches of the dungeon, and saw 12 of its levels.
You also visited: Sewer.

You collected 563 gold pieces.

Inventory:

Hand Weapons
 j - the +4 whip of True Grit {heavy, rN++ Will+}
   (You found it on level 5 of the Dungeon)

   rN++:      It greatly protects you from negative energy.
   Will+:     It increases your willpower.
Missiles
 x - 2 curare-tipped darts
 y - 20 poisoned darts (quivered)
 z - 2 throwing nets
Armour
 i - a +1 leather armour of fire resistance
 t - a +1 cloak (worn)
 w - a +0 pair of boots (worn)
 G - +0 swamp dragon scales (worn)
 N - a +1 robe of cold resistance
 O - a +2 hat of see invisible (worn)
Jewellery
 a - a ring of see invisible (right blade hand)
 k - a ring of positive energy (left blade hand)
 I - a +6 ring of dexterity
 J - a ring of protection from cold
 M - a ring of ice
Talismans
 c - a beast talisman
 d - a flux talisman
 L - a blade talisman (active)
 Q - a maw talisman
Wands
 m - a wand of charming (14)
 u - a wand of digging (4)
 F - a wand of flame (12)
Scrolls
 f - 3 scrolls of immolation
 g - a scroll of fear
 h - 4 scrolls of amnesia
 l - 2 scrolls of enchant weapon
 n - a scroll of brand weapon
 p - 3 scrolls of silence
 q - 9 scrolls of teleportation
 r - a scroll of identify
 v - 2 scrolls of enchant armour
 P - 2 scrolls of poison
Potions
 b - a potion of lignification
 e - 3 potions of curing
 o - 2 potions of resistance
 s - a potion of attraction
 A - a potion of cancellation
 B - a potion of magic
 C - 3 potions of mutation
 D - a potion of brilliance
 E - a potion of might
 H - a potion of ambrosia {unknown}
Miscellaneous
 K - a phantom mirror


   Skills:
 + Level 6.3 Fighting
 - Level 1.8 Armour
 + Level 4.9 Dodging
 - Level 1.7 Stealth
 + Level 13.1 Unarmed Combat
 + Level 7.7 Invocations
 + Level 10.8 Shapeshifting


You had 11 spell levels left.
You didn't know any spells.
Your spell library contained the following spells:

 Spells                   Type           Power      Damage    Failure   Level
 Kiss of Death            Conj/Necr      0%         2d5       52%         1
 Shock                    Conj/Air       0%         1d3       52%         1
 Jinxbite                 Hex            0%         N/A       67%         2
 Static Discharge         Conj/Air       0%         3-3/arc   67%         2
 Sublimation of Blood     Necr           0%         N/A       67%         2
 Confusing Touch          Hex            0%         N/A       88%         3
 Swiftness                Air            0%         N/A       88%         3
 Volatile Blastmotes      Fire/Tloc      0%         2d10      88%         3
 Airstrike                Air            0%         2d(0-16)  99%         4
 Dispel Undead            Necr           0%         3d6       99%         4
 Fulminant Prism          Conj/Alch      0%         3d5       99%         4
 Iskenderun's Mystic Bla  Conj/Tloc      0%         2d3       99%         4
 Petrify                  Alch/Erth      0%         N/A       99%         4
 Summon Lightning Spire   Summ/Air       0%         N/A       99%         4
 Alistair's Intoxication  Alch           0%         N/A       100%        5
 Borgnjor's Vile Clutch   Necr/Erth      0%         N/A       100%        5
 Irradiate                Conj/Alch      0%         3d11      100%        5
 Yara's Violent Unravell  Hex/Alch       0%         3d3       100%        5
 Eringya's Noxious Bog    Alch           0%         4d6       100%        6
 Sculpt Simulacrum        Ice/Alch       0%         N/A       100%        6
 Enfeeble                 Hex            0%         N/A       100%        7
 Ozocubu's Refrigeration  Ice            0%         4d7       100%        7
 Polar Vortex             Ice            0%         N/A       100%        9


Dungeon Overview and Level Annotations

Branches:
Dungeon (9/15)             Temple (0/1) D:4            Lair (3/5) D:8
 Shoals (0/4) Lair:2        Sewer (visited)
  Snake: Lair:2-3    Spider: Lair:2-3       Orc: D:9-12

Altars:
Ashenzari
Dithmenos
Gozag
Hepliaklqana
Makhleb
Nemelex Xobeh
Okawaru
Ru
Sif Muna
Yredelemnul
Zin
The Shining One

Annotations:
D:7 3 runed translucent doors, nel's ghost, novice MfGl
D:8 9 runed translucent doors, melchizedek's ghost, novice OpSh
D:9 Erolcha
Lair:2 1 runed translucent door


Innate Abilities, Weirdness & Mutations

You have blades for hands.
You are incapable of wielding weapons or throwing items.
You have razor-sharp teeth.
Your natural rate of healing is unusually fast.
When hurt, damage is shared between your health and your magic reserves.
Your bite disrupts and absorbs the magic of your enemies.
Potions cannot restore your health.


Message History

The black mamba is smitten.
You slice the black mamba!!
You kill the black mamba!
Makhleb accepts your kill.
No target in view!
There is an open door, spattered with blood here.
You open the door.
There is an open door here.
As you open the door, it creaks loudly!
A six-headed hydra, a rime drake and a cane toad come into view.
The six-headed hydra roars!
The rime drake hisses angrily.
The cane toad stings your smoke demon.
Your smoke demon gestures at the cane toad.
The cane toad is smitten.
The cane toad stings your smoke demon!
Your smoke demon dies!
Your smoke demon disappears in a puff of smoke!
The six-headed hydra barely misses you. x2; The six-headed hydra bites you!
The six-headed hydra misses you. The six-headed hydra bites you! x2
Unknown command.
Okay, then.
Unknown command.
A demon appears!
Unknown command.
Unknown command.
A demon appears!
The six-headed hydra barely misses you.
The six-headed hydra bites you. x2; The six-headed hydra bites you! x2
* * * LOW HITPOINT WARNING * * *
The six-headed hydra misses you.
The rime drake bites your hellwing but does no damage.
Your hellwing hits the six-headed hydra. x2
Unknown command.
The six-headed hydra attacks as it pursues you!
The six-headed hydra bites you.
* * * LOW HITPOINT WARNING * * *
The six-headed hydra bites you.
* * * LOW HITPOINT WARNING * * *
The six-headed hydra closely misses you.
The six-headed hydra bites you but does no damage.
The six-headed hydra barely misses you. The six-headed hydra bites you!
You die...

♣♣ ###### ♣♣.♣
#....# ..♣
#....#♣♣.♣
#....'..♣
#....'†.♣
#3####♣.♣
#@#..#♣.♣ ♣♣
#D#..#♣.♣♣♣.♣♣#♣
#.##'#♣..♣.♣..#.
#4k..#♣♣..♣...#P♣#
####'# ♣♣.....##..
..# ♣♣....+...
k.F# ##...##..
#...# ♣....'...
#...# ♣..♣♣♣##..


You could see a six-headed hydra (ally target), a rime drake, a friendly
hellwing (summoned) and a friendly ynoxinul (summoned).

Vanquished Creatures
  Gastronok (Lair:2)
  The ghost of PaiMei the Fighter, a journeyman DsNe of Kikubaaqudgha (Lair:1)
  Fannar (Lair:2)
  A hydra (Lair:2)
  A catoblepas (Lair:3)
  Pikel (D:5)
  A merfolk siren (Lair:2)
  2 black mambas
  Maggie (D:8)
  4 cane toads
  6 komodo dragons
  A troll (D:8)
  A hornet (D:8)
  A polar bear (Lair:1)
  A merfolk (Lair:2)
  7 blink frogs
  23 yaks
  2 wyverns (Lair:2)
  2 basilisks (Lair:1)
  A steam dragon (D:8)
  4 water moccasins
  Duvessa (D:5)
  An ice beast (D:7)
  An orc warrior (D:7)
  2 black bears (Lair:1)
  5 wolves
  3 centaurs
  Blork the orc (D:5)
  8 kobold brigands
  A gnoll sergeant (D:8)
  6 bullfrogs
  Dowan (D:5)
  2 howler monkeys
  4 electric eels
  A bombardier beetle (D:5)
  A jelly (D:4)
  2 orc priests
  2 gnoll boudas (D:7)
  9 hounds
  A sleepcap (D:7)
  6 orc wizards
  3 iguanas
  21 gnolls
  13 adders
  A river rat (Sewer)
  4 ufetubi
  2 dart slugs
  2 ribbon worms
  36 orcs
  7 bats
  10 endoplasms
  2 giant cockroaches
  7 goblins
  7 hobgoblins
  4 jackals (D:3)
  4 quokkas
  9 ball pythons
  3 frilled lizards (D:1)
  18 kobolds
  5 rats
279 creatures vanquished.

Vanquished Creatures (collateral kills)
  Maurice (D:7)
  A black mamba (Lair:1)
  A cane toad (Lair:3)
  2 dream sheep (Lair:3)
  2 yaks (Lair:1)
  A water moccasin (D:7)
8 creatures vanquished.

Grand Total: 287 creatures vanquished

Notes
Turn   | Place    | Note
-------+----------+-------------------------------------------
     0 | D:1      | TacoSundae the Vine Stalker Shapeshifter began the quest
                  | for the Orb.
     0 | D:1      | Reached XP level 1. HP: 9/9 MP: 2/2
   116 | D:1      | Reached XP level 2. HP: 14/14 MP: 3/3
   608 | D:1      | Reached XP level 3. HP: 17/17 MP: 2/4
   926 | D:2      | Reached skill level 4 in Unarmed Combat
   953 | D:2      | Found a burning altar of Makhleb.
   961 | D:2      | Became a worshipper of Makhleb the Destroyer
  1176 | D:2      | Reached XP level 4. HP: 21/21 MP: 5/5
  1774 | D:3      | Reached skill level 1 in Stealth
  1821 | D:3      | Reached skill level 1 in Armour
  1873 | D:3      | Found a sparkling altar of Nemelex Xobeh.
  1876 | D:3      | Found an opulent altar of Gozag.
  1883 | D:3      | Found a basalt altar of Yredelemnul.
  2197 | D:3      | Reached XP level 5. HP: 25/25 MP: 6/6
  2320 | D:4      | Reached * piety under Makhleb
  2324 | D:4      | Reached skill level 5 in Unarmed Combat
  2592 | D:4      | Reached XP level 6. HP: 27/29 MP: 4/7
  2616 | D:4      | Found a staircase to the Ecumenical Temple.
  3128 | D:5      | Entered Level 5 of the Dungeon
  3173 | D:5      | Found a shadowy altar of Dithmenos.
  3182 | D:5      | Noticed Pikel
  3201 | D:5      | Killed Pikel
  3202 | D:5      | Reached skill level 7 in Unarmed Combat
  3202 | D:5      | Reached XP level 7. HP: 10/32 MP: 4/8
  3219 | D:5      | Noticed Blork the orc
  3228 | D:5      | Killed Blork the orc
  3238 | D:5      | Found a glowing silver altar of Zin.
  3250 | D:5      | Found a glowing drain.
  3281 | Sewer    | Entered a sewer
  3291 | Sewer    | Reached ** piety under Makhleb
  3317 | Sewer    | Gained mutation: You have razor-sharp teeth. [Vine Stalker
                  | growth]
  3317 | Sewer    | Reached XP level 8. HP: 26/37 MP: 5/9
  3376 | Sewer    | Reached skill level 8 in Unarmed Combat
  3376 | Sewer    | Reached skill level 5 in Shapeshifting
  3970 | D:5      | Found a hazy altar of Hepliaklqana.
  4217 | D:5      | Found a sacrificial altar of Ru.
  4217 | D:5      | Found a burning altar of Makhleb.
  4227 | D:5      | Identified the +4 whip of True Grit {heavy, rN++ Will+}
  4229 | D:5      | Identified the +3 whip of Ziugid {spect, rF+ rC- Dex+3}
  4250 | D:5      | Noticed Dowan
  4251 | D:5      | Noticed Duvessa
  4266 | D:5      | Killed Duvessa
  4267 | D:5      | Reached skill level 9 in Unarmed Combat
  4269 | D:5      | Killed Dowan
  4585 | D:5      | Found a shimmering blue altar of Sif Muna.
  4591 | D:5      | Found a broken altar of Ashenzari.
  4910 | D:6      | Reached skill level 1 in Invocations
  4910 | D:6      | Reached XP level 9. HP: 23/40 MP: 4/10
  5169 | D:6      | Found a glowing golden altar of the Shining One.
  5702 | D:7      | Found a runed translucent gate.
  5702 | D:7      | Found a runed translucent gate.
  5702 | D:7      | Found a runed translucent gate.
  5706 | D:7      | Noticed nel's ghost (novice MfGl)
  5707 | D:7      | Noticed a manticore
  5877 | D:7      | Reached *** piety under Makhleb
  5993 | D:7      | Reached skill level 10 in Unarmed Combat
  6091 | D:7      | Found an iron altar of Okawaru.
  6133 | D:7      | Noticed Maurice
  6152 | D:7      | Killed Maurice
  6586 | D:8      | Reached skill level 1 in Fighting
  6589 | D:8      | Noticed a hornet
  6633 | D:8      | Killed a hornet
  6634 | D:8      | Reached XP level 10. HP: 24/46 MP: 4/13
  6685 | D:8      | Found a runed translucent gate.
  6686 | D:8      | Found a runed translucent gate.
  6687 | D:8      | Found a runed translucent gate.
  6687 | D:8      | Noticed a boulder beetle
  6704 | D:8      | Noticed melchizedek's ghost (novice OpSh)
  6704 | D:8      | Noticed a centaur warrior
  7067 | D:8      | Found a runed translucent door.
  7090 | D:8      | Found a large runed translucent door.
  7090 | D:8      | Found a large runed translucent door.
  7202 | D:8      | Found a large runed translucent door.
  7202 | D:8      | Found a large runed translucent door.
  7202 | D:8      | Found a large runed translucent door.
  7202 | D:8      | Found a large runed translucent door.
  7309 | D:8      | Noticed Maggie
  7324 | D:8      | Killed Maggie
  7802 | D:8      | Found a staircase to the Lair.
  8244 | D:9      | Noticed Erolcha
  8374 | Lair:1   | Entered Level 1 of the Lair of Beasts
  8417 | Lair:1   | Found a runed translucent gate.
  8418 | Lair:1   | Found a runed translucent gate.
  8418 | Lair:1   | Found a runed translucent gate.
  8418 | Lair:1   | Noticed PaiMei's ghost (journeyman DsNe)
  8435 | Lair:1   | Killed PaiMei's ghost
  8436 | Lair:1   | Reached skill level 11 in Unarmed Combat
  8444 | Lair:1   | Reached skill level 5 in Invocations
  8515 | Lair:1   | Reached **** piety under Makhleb
  8593 | Lair:1   | Reached XP level 11. HP: 37/53 MP: 11/16
  8779 | Lair:1   | Reached skill level 12 in Unarmed Combat
  9769 | Lair:2   | Reached skill level 10 in Shapeshifting
  9963 | Lair:2   | Noticed Fannar
  9972 | Lair:2   | Killed Fannar
  9995 | Lair:2   | Reached skill level 5 in Fighting
 10056 | Lair:2   | Identified the +9 flail of an ice cave {flame, *Corrode rC+
                  | Will+ MP+9}
 10164 | Lair:2   | Noticed a five-headed hydra
 10182 | Lair:2   | Killed a five-headed hydra
 10183 | Lair:2   | Reached XP level 12. HP: 56/60 MP: 17/17
 10353 | Lair:2   | Noticed Gastronok
 10378 | Lair:2   | Killed Gastronok
 10698 | Lair:2   | Found a staircase to the Shoals.
 10756 | Lair:2   | Noticed a dire elephant
 10756 | Lair:2   | Noticed a dire elephant
 10776 | Lair:2   | Found a runed translucent door.
 11179 | Lair:2   | fuck shoals
 11364 | Lair:3   | Noticed a catoblepas
 11371 | Lair:3   | Killed a catoblepas
 11372 | Lair:3   | Reached skill level 13 in Unarmed Combat
 11441 | Lair:3   | Noticed a six-headed hydra
 11449 | Lair:3   | Slain by a six-headed hydra

Illustrated notes

#....#..#.### ###.####....
....###..#### ###.#..##...).
..m..###....# #.............
####.# #....## ###
#........###.. ~~~#.#
###P..###.###.......## #..
~~~#.# ##................## ##.
~≈~### #.#...............# #.
###~# ####..............####.
#~~~# #P..@.............#.#
#~~≈# #.................###
#~~~# ###....÷P............##
###~# #.......#..........>.##
~~~### ##......#.............#
~~~#.# #.......#........♣♣.♣.♣
~~~#.#####.).....##.....♣.♣♣♣♣♣♣
###'.##.##.......##....♣♣♣♣♣♣♣
.....PP.........###....♣ ♣♣♣.♣♣♣


Turn 11179 on Lair:2: fuck shoals

Levels and vault maps discovered:
D:1:      nicolae_arrival_somewhat_less_tricky_arrival, layout_basic,
          serial_bayou_pond_d
D:2:      layout_basic, basic_altar, small_statue_intersection
D:3:      layout_loops_cross, grunt_temple_overflow_diamond
D:4:      layout_gridville, minmay_temple_entry_junction_2
D:5:      layout_basic, nicolae_dithmenos_shadow_blocks,
          overflow_temple_1_default, grunt_temple_overflow_open,
          general_overflow_altar, mainiacjoe_overflow_big_doors,
          portal_sewer_entry_f, patterned_corridor, uniq_duvessa, uniq_pikel,
          uniq_blork_the_orc
D:6:      layout_loops_ring, mainiacjoe_overflow_alcove_2, feat_on_display
D:7:      layout_basic, old_standard_altar, gammafunk_ghost_split, uniq_maurice
D:8:      layout_layer_cave, erik_lair_island, gammafunk_ghost_split,
          lightli_church_of_beogh, uniq_maggie
D:9:      layout_stronghold, serial_shops, nicolae_shop_advertising_works
          [nicolae_subvault_shop_adworks], shop, nicolae_shop_hallway_plus,
          shop, shop, nicolae_demonic_statue_gallery, uniq_erolcha, uniq_grum
Lair:1:   layout_cave_pods, ebering_ghost_rock_garden, grunt_megastairs_2,
          lemuel_fruit_fields
Lair:2:   gammafunk_lair_enchanted_lake, layout_cave_pods,
          elwin_shoals_entry_rooms, serial_bayou_shore_b,
          infiniplex_staircase_pool, serial_bayou_shore_b, uniq_fannar,
          uniq_gastronok
Lair:3:   wad_woods_structure_01, layout_regular_city,
          alex1729_snake_entry_snake

Skill      XL: |  1  2  3  4  5  6  7  8  9 10 11 12 |
---------------+-------------------------------------+-----
Unarmed Combat | 4 5 7 9 10 11 12 13 | 13.1
Stealth        | 1 |  1.7
Armour         | 1 |  1.8
Shapeshifting  | 4 6 7 8 10 | 10.8
Invocations    | 1 3 5 6 7 |  7.7
Fighting       | 1 3 5 6 |  6.3
Dodging        | 2 3 4 |  4.9

Action                     |  1- 3 |  4- 6 |  7- 9 | 10-12 || total
---------------------------+-------+-------+-------+-------++-------
  Melee: Unarmed           |    67 |   133 |   226 |   365 ||   791
         Bite              |    17 |    30 |    57 |   118 ||   222
         Punch             |     2 |     9 |    12 |    31 ||    54
  Throw: Dart              |       |       |     1 |    18 ||    19
 Invoke: Lesser Servant of |       |       |     3 |     8 ||    11
         Minor Destruction |       |       |       |    34 ||    34
  Evoke: Wand              |       |       |       |     4 ||     4
    Use: Scroll            |       |       |    20 |     8 ||    28
         Potion            |       |       |     5 |     3 ||     8
   Stab: Sleeping          |     3 |     1 |     1 |       ||     5
         Distracted        |       |     2 |       |     2 ||     4
 Armour: Animal skin       |     9 |       |       |       ||     9
         Leather armour    |    31 |    62 |   128 |    25 ||   246
         Swamp dragon scal |       |       |       |   156 ||   156
  Dodge: Dodged            |    40 |    64 |   112 |   135 ||   351
   Form: Blade             |       |       |       |     2 ||     2
         Beast             |       |       |       |     1 ||     1
         Flux              |       |       |       |     1 ||     1
